Map: Echo LE (Void)

Players

Pressure

  • Race: Zerg Zerg

Bop - Winner!

  • Race: Terran Terran

VOD

Have the link to the VOD?

Description

Time

  • Played on: May 3, 2015, 4:36 a.m.
  • Length: 7:46
Show
View Real Time Build Order
Export as new Build Order

Pressure Zerg 

Build Orders: Hatch First 

Get SALT Encoding   

  12  0:01  Drone  
  13  0:13  Overlord  
  13  0:18  Drone  
  14  0:32  Drone x2  
  16  0:50  Hatchery  
  16  0:56  Drone x2  
  17  1:11  Spawning Pool  
  16  1:13  Extractor  
  16  1:14  Drone  
  16  1:17  Drone  
  17  1:21  Drone  
  18  1:37  Drone  
  19  1:41  Drone  
  20  1:58  Queen  
  22  2:01  Queen  
  22  2:03  Zergling x4  
  22  2:08  Roach Warren  
  25  2:11  Overlord  
  25  2:15  Zergling x2  
  25  2:50  Burrow, Roach  
  25  2:51  Roach x3  
  33  3:02  Overlord  
  33  3:05  Roach  
  33  3:18  Roach  
  35  3:22  Overlord  
  35  3:25  Roach  
  37  3:37  Roach x2  
  41  3:44  Drone x8  
  41  3:45  Drone  
  41  3:48  Drone  
  51  3:55  Overlord  
  51  3:59  Drone  
  52  4:09  Overlord  
  52  4:12  Roach x4  
  52  4:18  Overlord  
  52  4:19  Drone x2, Roach  
  54  4:32  Overlord  
  54  4:33  Drone x2  
  56  4:40  Overlord  
  56  4:41  Drone x7  
  63  4:49  Roach x8  
  61  4:53  Overlord  
  61  4:55  Drone  
  62  5:00  Extractor  
  62  5:01  Extractor  
  62  5:05  Lair, Queen  
  62  5:07  Extractor  
  61  5:09  Overlord  
  61  5:10  Roach x7  
  61  5:11  Hatchery, Drone  
  59  5:16  Roach x7  
  59  5:19  Overlord  
  59  5:22  Evolution Chamber  
  59  5:23  Evolution Chamber  
  59  5:28  Drone x3  
  56  5:46  Overlord  
  50  6:03  Overlord  
  48  6:05  Overlord  
  48  6:07  Drone x6  
  48  6:11  Overseer  
  54  6:15  Hydralisk Den, Glial Reconstitution  
  53  6:21  Roach x2  
  57  6:29  Drone x9  
  66  6:35  Roach  
  66  6:37  Roach  
  66  6:39  Overseer  
  70  6:43  Roach  
  70  6:45  Hydralisk  
  74  6:49  Hydralisk x2  
  74  6:58  Hydralisk  
  71  7:08  Hydralisk x2  
  71  7:09  Hydralisk  
  71  7:11  Spine Crawler  
  71  7:12  Spine Crawler  
  71  7:14  Hydralisk  
  75  7:21  Roach  
Show
View Real Time Build Order
Export as new Build Order

Bop Terran - Winner!

Build Orders: MMM Bio 

Get SALT Encoding   

  12  0:01  SCV  
  13  0:13  SCV  
  14  0:17  Supply Depot  
  14  0:25  SCV  
  15  0:40  SCV  
  15  0:42  Barracks  
  16  0:46  Refinery  
  16  0:52  SCV  
  17  1:01  Supply Depot  
  17  1:05  SCV  
  18  1:17  SCV  
  19  1:21  Barracks  
  19  1:31  Reaper  
  21  1:33  Orbital Command  
  20  2:03  Reaper, Bunker  
  21  2:09  Reaper  
  21  2:11  Barracks  
  21  2:12  Barracks  
  22  2:22  SCV, Refinery  
  23  2:39  SCV  
  23  2:40  Reaper  
  24  2:46  Reaper  
  24  2:50  Supply Depot  
  25  2:51  SCV  
  26  3:08  Reaper x2  
  26  3:09  SCV  
  29  3:16  Reaper  
  30  3:21  SCV  
  31  3:28  Command Center  
  30  3:40  Barracks Tech Lab x2  
  29  3:42  Marine  
  30  3:59  Marauder  
  30  4:00  Marauder  
  34  4:08  Missile Turret  
  33  4:12  Missile Turret  
  33  4:13  Missile Turret  
  32  4:20  Marauder  
  34  4:28  Marauder  
  35  4:42  Marauder  
  37  4:49  Marauder  
  37  4:52  Marine x2  
  38  4:56  Orbital Command  
  40  5:03  Marauder  
  40  5:05  Combat Shields  
  40  5:06  Stimpack  
  42  5:11  Marauder  
  43  5:18  Barracks Reactor  
  43  5:22  Engineering Bay  
  43  5:23  Barracks Reactor  
  43  5:24  Orbital Command  
  43  5:28  Missile Turret  
  41  5:36  Marauder x2  
  40  5:57  Marauder  
  40  6:01  Marine x3  
  40  6:02  Marine  
  46  6:09  SCV  
  47  6:16  Missile Turret  
  49  6:18  Marauder  
  49  6:19  Supply Depot  
  49  6:22  SCV  
  50  6:26  Marine x2  
  50  6:28  Marine  
  53  6:37  Factory  
  53  6:40  Marauder  
  55  6:53  Concussive Shells  
  55  6:59  Marauder, Marine x2  
  55  7:00  Marine  
  55  7:01  Marine  
  61  7:04  Supply Depot  
  61  7:07  Supply Depot  
  61  7:11  Marauder  
  60  7:26  Marine x3  
Tags
 
Add a new tag
Caveats
  • Supply blocks, unpowered buildings, or Contaminate may cause inaccurate times.
  • Supply counts are checked every 10 seconds.